 Dungeon Crawl Stone Soup version 0.30-a0-172-gc5509c9e31 (webtiles) character file.

Game seed: 8170184573888259079

2365 qw the Cleaver (level 9, -3/55 HPs)
             Began as a Gargoyle Fighter on Oct 1, 2022.
             Was a Follower of Okawaru.
             Slain by a manticore (12 damage)
             ... on level 6 of the Dungeon.
             The game lasted 00:02:35 (6187 turns).

qw the Cleaver (Gargoyle Fighter)                   Turns: 6187, Time: 00:02:35

Health: -3/55      AC: 21    Str: 24    XL:     9   Next: 44%
Magic:  9/10       EV: 11    Int:  7    God:    Okawaru [*.....]
Gold:   220        SH:  6    Dex: 13    Spells: 8/8 levels left

rFire   . . .      SeeInvis .    Y - +1 war axe
rCold   + . .      Faith    .    c - +0 buckler
rNeg    + . .      Spirit   .    r - +1 chain mail {rC+}
rPois   inf        Reflect  .    j - +0 helmet
rElec   +          Harm     .    (no cloak)
rCorr   .          Rampage  .    (no gloves)
Will    .....                    k - +0 pair of boots
Stlth   ..........               (no amulet)
HPRegen 0.29/turn                (no ring)
MPRegen 0.12/turn                (no ring)

@: about to teleport, heroic
A: sickness immunity, AC +6, negative energy resistance 1, electricity
resistance, torment resistance 1, petrification resistance, agile 1, low MP 1
a: Renounce Religion, Heroism


You were on level 6 of the Dungeon.
You worshipped Okawaru.
Okawaru was aware of your devotion.
You visited 2 branches of the dungeon, and saw 7 of its levels.
You also visited: Sewer.

You collected 280 gold pieces.
You spent 60 gold pieces at shops.


Innate Abilities, Weirdness & Mutations

You are immune to sickness and miasma.
Your stone body is resilient. (AC +6)
You are immune to poison.
You resist negative energy. (rN+)
You are resistant to electric shocks. (rElec)
You are resistant to unholy torment.
You are immune to petrification.
You are agile. (Dex +4, Str/Int -1)
Your magical capacity is low. (-10% MP)


   Skills:
 - Level 6.0(11.0) Fighting
 - Level 9.0(14.0) Axes
 - Level 1.0(6.0) Throwing
 - Level 4.0(9.0) Armour
 - Level 3.2(8.2) Dodging
 + Level 3.2(8.2) Shields
 - Level 4.1 Invocations


You had 8 spell levels left.
You didn't know any spells.
Your spell library was empty.

Inventory:

Hand Weapons
 b - a +2 flail
 Y - a +1 war axe (weapon)
Missiles
 m - 5 boomerangs (quivered)
Armour
 c - a +0 buckler (worn)
 j - a +0 helmet (worn)
 k - a +0 pair of boots (worn)
 r - a +1 chain mail of cold resistance (worn)
Wands
 n - a wand of digging (1)
Scrolls
 a - 5 scrolls of identify
 i - 3 scrolls of teleportation
 o - a scroll of enchant armour {unknown}
 p - a scroll of silence {unknown}
Potions
 d - a potion of might
 e - 5 potions of mutation
 f - a potion of lignification
 g - 2 potions of curing
 h - 6 potions of cancellation
 l - 2 potions of attraction
 q - a potion of haste

Dungeon Overview and Level Annotations

Branches:
Dungeon (6/15)             Temple (1/1) D:5           Sewer (visited)

Altars:
Ashenzari
Cheibriados
Dithmenos
Elyvilon
Fedhas
Gozag
Hepliaklqana
Kikubaaqudgha
Makhleb
Nemelex Xobeh
Okawaru
Qazlal
Ru
Sif Muna
Uskayaw
Vehumet
Wu Jian
Xom
Zin
The Shining One

Shops:
D:2 ?


Message History

You slash the manticore!
The manticore is lightly wounded.
The manticore bites you!
The manticore claws you but does no damage.
You block the manticore's attack.
You slash the manticore!
The manticore is heavily wounded.
The manticore bites you. The manticore closely misses you. x2
You slash the manticore!
The manticore is severely wounded.
The manticore bites you but does no damage.
The manticore claws you. The manticore barely misses you.
You barely miss the manticore.
The manticore is severely wounded.
The manticore closely misses you. The manticore claws you.
The manticore claws you but does no damage.
You barely miss the manticore.
The manticore is severely wounded.
The manticore barely misses you. You block the manticore's attack.
The manticore claws you but does no damage.
You hit the manticore but do no damage.
The manticore is severely wounded.
You slash the manticore!
The manticore is almost dead.
The manticore bites you but does no damage.
The manticore claws you but does no damage. x2
You hit the manticore.
The manticore is almost dead.
You carefully extract the barbed spikes from your body.
The manticore bites you.
The manticore claws you but does no damage. x2
You hit the manticore but do no damage.
The manticore is almost dead.
The manticore bites you but does no damage.
The manticore completely misses you. The manticore claws you.
6187 ||| READING 4 scrolls of teleportation.
As you read the scroll of teleportation, it crumbles to dust.
You feel strangely unstable. The manticore bites you!
You die...

# #.# # #.# # #.######### #
#.........# # #.#######.# #
#########################.#
#####.......#.......#.......#.#
....#.#.#.#.#.#.#.#.#.#)#.#.#.#
###....%........@.............#
##############H##############
.l. #...# #####


You could see a manticore and an iguana.

Vanquished Creatures
  Sigmund (D:2)
  2 water moccasins
  An orc warrior (D:6)
  An ice beast (D:6)
  3 ogres
  4 kobold brigands
  2 bullfrogs (D:6)
  A necrophage (D:4)
  2 scorpions (D:6)
  5 wights (D:6)
  2 hounds
  A jelly (D:4)
  A gnoll bouda (D:5)
  Jessica (D:2)
  2 iguanas (D:6)
  Natasha (thrice) (D:3)
  3 orc wizards (D:6)
  Robin (D:2)
  8 adders
  8 gnolls
  4 river rats
  A white imp (D:5)
  3 ufetubi (D:5)
  2 worms
  2 dart slugs
  18 orcs
  9 endoplasms
  4 giant cockroaches
  13 goblins
  7 hobgoblins
  8 jackals
  18 kobolds
  5 quokkas
  10 ball pythons
  2 bats
  7 frilled lizards
  7 rats
172 creatures vanquished.

Vanquished Creatures (others)
  8 fungi (D:3)
  21 plants (Sewer)
29 creatures vanquished.

Grand Total: 201 creatures vanquished

Notes
Turn   | Place    | Note
-------+----------+-------------------------------------------
     0 | D:1      | qw the Gargoyle Fighter began the quest for the Orb.
     0 | D:1      | Reached XP level 1. HP: 14/14 MP: 1/1
     0 | D:1      | 0 ||| qw: Version: 0.2-a-13-gfc7b4b4
     0 | D:1      | 0 ||| qw: Game counter: 1824
     0 | D:1      | 0 ||| qw: Always use a shield: true
     0 | D:1      | 0 ||| qw: God list: Okawaru
     0 | D:1      | 0 ||| qw: Allow faded altars: false
     0 | D:1      | 0 ||| qw: Do Orc after D:15 true
     0 | D:1      | 0 ||| qw: Do second Lair branch before Depths: true
     0 | D:1      | 0 ||| qw: Lair rune preference: random
     0 | D:1      | 0 ||| qw: Plans: Normal, Zot:1-4, God:TSO, Crypt, Tomb,
                  | Pan, Slime:5, Hells, Abyss, Orb
     0 | D:1      | 0 ||| PLANNING D:1-11
   115 | D:1      | Reached skill level 2 in Axes
   272 | D:1      | Reached XP level 2. HP: 19/19 MP: 2/2
   284 | D:1      | Found a faded altar of an unknown god.
   313 | D:1      | 313 ||| Stepping ~*~*~tactically~*~*~ (stealth).
   314 | D:1      | 314 ||| Stepping ~*~*~tactically~*~*~ (stealth).
   316 | D:1      | 316 ||| Stepping ~*~*~tactically~*~*~ (stealth).
   317 | D:1      | 317 ||| Stepping ~*~*~tactically~*~*~ (stealth).
   348 | D:1      | 348 ||| Stepping ~*~*~tactically~*~*~ (hiding).
   597 | D:1      | Reached skill level 3 in Axes
   895 | D:1      | Reached XP level 3. HP: 23/23 MP: 3/3
  1014 | D:1      | 1014 ||| READING scroll labelled XEQYWA FUIREU.
  1015 | D:1      | 1015 ||| DRINKING 2 glowing orange potions.
  1015 | D:1      | Gained mutation: You sometimes lose your temper in combat.
                  | [potion of mutation]
  1015 | D:1      | Lost mutation: You sometimes lose your temper in combat.
                  | [potion of mutation]
  1015 | D:1      | Gained mutation: Your magical capacity is low. (-10% MP)
                  | [potion of mutation]
  1015 | D:1      | Gained mutation: You are agile. (Dex +4, Str/Int -1)
                  | [potion of mutation]
  1016 | D:1      | 1016 ||| DRINKING 2 lumpy amethyst potions.
  1038 | D:2      | Found Qibauqoes's Magic Scroll Shop.
  1044 | D:2      | 1044 ||| STAIRDANCE
  1051 | D:2      | 1051 ||| STAIRDANCE
  1066 | D:2      | 1066 ||| BUYING scroll of identify (20 gold).
  1066 | D:2      | Bought a scroll of identify for 20 gold pieces
  1066 | D:2      | 1066 ||| BUYING scroll of identify (20 gold).
  1066 | D:2      | Bought a scroll of identify for 20 gold pieces
  1066 | D:2      | 1066 ||| BUYING scroll of identify (20 gold).
  1066 | D:2      | Bought a scroll of identify for 20 gold pieces
  1246 | D:2      | 1246 ||| Stepping ~*~*~tactically~*~*~ (stealth).
  1251 | D:2      | Noticed Robin
  1253 | D:2      | 1253 ||| Stepping ~*~*~tactically~*~*~ (hiding).
  1266 | D:2      | Killed Robin
  1326 | D:2      | 1326 ||| Stepping ~*~*~tactically~*~*~ (stealth).
  1331 | D:2      | Reached XP level 4. HP: 28/28 MP: 3/3
  1411 | D:2      | Reached skill level 4 in Axes
  1411 | D:2      | 1411 ||| Stepping ~*~*~tactically~*~*~ (stealth).
  1425 | D:2      | Noticed Sigmund
  1440 | D:2      | Killed Sigmund
  1441 | D:2      | Reached skill level 3 in Dodging
  1441 | D:2      | Reached XP level 5. HP: 13/32 MP: 4/4
  1441 | D:2      | Reached XP level 6. HP: 15/37 MP: 5/5
  1576 | D:2      | Noticed Jessica
  1589 | D:2      | Killed Jessica
  1850 | D:2      | 1850 ||| UPGRADING to +0 helmet.
  1855 | D:2      | 1855 ||| UPGRADING to +0 pair of boots.
  1860 | D:2      | 1860 ||| READING 2 scrolls labelled HIOMIO LOQINK.
  1861 | D:2      | 1861 ||| READING scroll labelled YMAAWE ACOMENG.
  1862 | D:2      | 1862 ||| READING 2 scrolls labelled FAOMPE MINAO.
  1889 | D:2      | 1889 ||| DRINKING 2 orange potions.
  1890 | D:2      | 1890 ||| READING 3 scrolls of identify.
  1890 | D:2      | 1890 ||| IDENTIFYING white potion
  1891 | D:2      | 1891 ||| DROPPING scroll of blinking.
  1892 | D:2      | 1892 ||| DROPPING scroll of torment.
  1928 | D:3      | 1928 ||| DROPPING +0 antimagic hand axe.
  2000 | D:3      | Found a burning altar of Makhleb.
  2011 | D:3      | Noticed an Executioner
  2236 | D:3      | Found a hazy altar of Hepliaklqana.
  2331 | D:3      | Noticed Natasha
  2339 | D:3      | Killed Natasha
  2492 | D:3      | Noticed Natasha
  2493 | D:3      | 2493 ||| Stepping ~*~*~tactically~*~*~ (hiding).
  2496 | D:3      | 2496 ||| Stepping ~*~*~tactically~*~*~ (hiding).
  2505 | D:3      | Killed Natasha
  2542 | D:3      | Noticed Natasha
  2547 | D:3      | Killed Natasha
  2624 | D:3      | 2624 ||| DROPPING +0 whip.
  2625 | D:3      | 2625 ||| UPGRADING to +0 chain mail.
  2635 | D:3      | 2635 ||| DROPPING +0 scale mail.
  2636 | D:3      | 2636 ||| READING 3 scrolls labelled IKLOESTUEG.
  2639 | D:3      | 2639 ||| READING scroll labelled WILO XOUPRASUUZ.
  2652 | D:4      | 2652 ||| PLANNING SEWER
  2773 | D:4      | Found an ornate altar of the Wu Jian Council.
  2774 | D:4      | Found a snail-covered altar of Cheibriados.
  2818 | D:4      | Reached skill level 5 in Axes
  2850 | D:4      | 2850 ||| Stepping ~*~*~tactically~*~*~ (stealth).
  2983 | D:4      | Reached XP level 7. HP: 39/42 MP: 6/6
  3021 | D:4      | Found the +8 trident of the Octopus King {venom, rElec
                  | rPois}
  3055 | D:4      | 3055 ||| Stepping ~*~*~tactically~*~*~ (stealth).
  3318 | D:4      | Found a glowing drain.
  3319 | D:4      | 3319 ||| READING scroll labelled UFUUNYUXTEX.
  3320 | D:4      | 3320 ||| READING scroll labelled QYRPHI UCOAFE.
  3321 | D:4      | 3321 ||| READING 9 scrolls of identify.
  3321 | D:4      | 3321 ||| IDENTIFYING purple potion
  3322 | D:4      | 3322 ||| READING 8 scrolls of identify.
  3322 | D:4      | 3322 ||| IDENTIFYING golden potion
  3323 | D:4      | 3323 ||| DROPPING potion of brilliance.
  3324 | D:4      | 3324 ||| DROPPING potion of flight.
  3336 | Sewer    | Entered a sewer
  3382 | Sewer    | 3382 ||| Stepping ~*~*~tactically~*~*~ (stealth).
  3421 | Sewer    | Reached skill level 6 in Axes
  3652 | Sewer    | 3652 ||| Stepping ~*~*~tactically~*~*~ (water).
  4046 | Sewer    | 4046 ||| READING scroll labelled KULIAPRUSI.
  4047 | Sewer    | 4047 ||| READING scroll labelled WEOH JOAXOU.
  4048 | Sewer    | 4048 ||| DRINKING 2 sapphire potions.
  4049 | Sewer    | 4049 ||| READING 7 scrolls of identify.
  4049 | Sewer    | 4049 ||| IDENTIFYING brown potion
  4050 | Sewer    | 4050 ||| READING 6 scrolls of identify.
  4050 | Sewer    | 4050 ||| IDENTIFYING smoky purple potion
  4051 | Sewer    | 4051 ||| DROPPING potion of magic.
  4056 | D:4      | 4056 ||| PLANNING D:1-11
  4184 | D:5      | Entered Level 5 of the Dungeon
  4258 | D:5      | 4258 ||| Stepping ~*~*~tactically~*~*~ (stealth).
  4260 | D:5      | 4260 ||| Stepping ~*~*~tactically~*~*~ (stealth).
  4266 | D:5      | 4266 ||| Stepping ~*~*~tactically~*~*~ (stealth).
  4274 | D:5      | Reached XP level 8. HP: 44/48 MP: 7/7
  4370 | D:5      | Reached skill level 7 in Axes
  4401 | D:5      | Found a staircase to the Ecumenical Temple.
  4402 | D:5      | 4402 ||| PLANNING TEMPLE
  4402 | D:5      | 4402 ||| READING 5 scrolls of identify.
  4402 | D:5      | 4402 ||| IDENTIFYING murky brown potion
  4407 | D:5      | 4407 ||| FLEEEEING.
  4412 | D:5      | 4412 ||| FLEEEEING.
  4413 | D:5      | 4413 ||| FLEEEEING.
  4414 | D:5      | 4414 ||| FLEEEEING.
  4419 | D:5      | 4419 ||| STAIRDANCE
  4423 | D:5      | 4423 ||| STAIRDANCE
  4427 | D:5      | 4427 ||| STAIRDANCE
  4437 | D:5      | 4437 ||| STAIRDANCE
  4553 | Temple   | Entered the Ecumenical Temple
  4566 | Temple   | 4566 ||| PLANNING OKAWARU WORSHIP
  4659 | Temple   | Became a worshipper of Warmaster Okawaru
  4660 | Temple   | 4660 ||| PLANNING D:1-11
  4740 | D:5      | 4740 ||| Stepping ~*~*~tactically~*~*~ (stealth).
  4797 | D:5      | 4797 ||| Stepping ~*~*~tactically~*~*~ (hiding).
  5021 | D:5      | 5021 ||| UPGRADING to +1 chain mail of cold resistance.
  5031 | D:5      | 5031 ||| DROPPING +0 chain mail.
  5032 | D:5      | 5032 ||| READING 5 scrolls of identify.
  5032 | D:5      | 5032 ||| IDENTIFYING bubbling puce potion
  5033 | D:5      | 5033 ||| DROPPING potion of degeneration.
  5061 | D:6      | HP: 12/49 [ice beast (4)]
  5062 | D:6      | 5062 ||| READING 5 scrolls of teleportation.
  5063 | D:6      | 5063 ||| DRINKING potion of heal wounds.
  5137 | D:6      | Reached skill level 8 in Axes
  5152 | D:6      | Reached * piety under Okawaru
  5225 | D:6      | Reached skill level 1 in Invocations
  5251 | D:6      | Reached skill level 6 in Fighting
  5251 | D:6      | Reached XP level 9. HP: 45/55 MP: 9/9
  5286 | D:6      | 5286 ||| DROPPING +0 flail.
  5317 | D:6      | 5317 ||| Stepping ~*~*~tactically~*~*~ (stealth).
  5319 | D:6      | 5319 ||| Stepping ~*~*~tactically~*~*~ (hiding).
  5424 | D:6      | 5424 ||| Stepping ~*~*~tactically~*~*~ (stealth).
  5425 | D:6      | 5425 ||| Stepping ~*~*~tactically~*~*~ (stealth).
  5429 | D:6      | 5429 ||| Stepping ~*~*~tactically~*~*~ (hiding).
  5442 | D:6      | Reached skill level 3 in Invocations
  5447 | D:6      | Reached skill level 1 in Throwing
  5448 | D:6      | 5448 ||| INVOKING Heroism.
  5616 | D:6      | 5616 ||| Stepping ~*~*~tactically~*~*~ (stealth).
  5617 | D:6      | 5617 ||| INVOKING Heroism.
  5630 | D:6      | 5630 ||| DRINKING 3 potions of curing.
  5630 | D:6      | 5630 ||| (to cure confusion)
  6165 | D:6      | Reached skill level 9 in Axes
  6175 | D:6      | Noticed a manticore
  6176 | D:6      | 6176 ||| INVOKING Heroism.
  6186 | D:6      | HP: 9/55 [manticore (6)]
  6187 | D:6      | 6187 ||| READING 4 scrolls of teleportation.
  6187 | D:6      | Slain by a manticore

Levels and vault maps discovered:
D:1:      dpeg_arrival_water_fire, layout_basic,
          shapermc_ecumenical_altar_acropolis, minmay_cut_off
D:2:      layout_loops_ring, serial_shops, shop, uniq_jessica, uniq_robin,
          uniq_sigmund
D:3:      layout_basic, mainiacjoe_overflow_alcove_2, makhleb_altar_promises_db,
          dreamdust_mushroom_princess, uniq_natasha
D:4:      layout_loops_cross, mainiacjoe_overflow_divided_tiny,
          portal_sewer_entry_b
D:5:      layout_rooms, minmay_temple_entry_tees
D:6:      layout_loops_ring, minmay_misc_feat_hallway, grunt_ministairs_4,
          st_stairs_10, roderic_lattice_a, hangedman_minor_gate_pass
Temple:   kb_temple_of_zot

Skill      XL: |  1  2  3  4  5  6  7  8  9 |
---------------+----------------------------+-----
Axes           | 2 3 4 5 6 8 9 |  9.0
Dodging        | 3 |  3.2
Fighting       | 4 6 |  6.0
Armour         | 4 |  4.0
Invocations    | 2 4 |  4.1
Throwing       | 1 |  1.0
Shields        | |  3.2

Action                   |  1- 3 |  4- 6 |  7- 9 || total
-------------------------+-------+-------+-------++-------
Melee: War axe           |    92 |   110 |   314 ||   516
Throw: Boomerang         |       |       |    12 ||    12
Invok: Heroism           |       |       |     3 ||     3
  Use: Potion            |     2 |     1 |     3 ||     6
       Scroll            |     1 |     6 |    12 ||    19
Armor: Scale mail        |    43 |    39 |       ||    82
       Chain mail        |       |     3 |   190 ||   193
Dodge: Dodged            |    32 |    49 |   116 ||   197
Block: Buckler           |    14 |    18 |    78 ||   110

Table legend:
 A = Non-vault XP
 B = Vault XP
 C = Vault XP percentage of total XP
 D = Non-vault monster count
 E = Vault monster count
 F = Vault count percentage of total count
                 A         B        C        D         E       F
            +---------+---------+-------+---------+---------+-------
      Total |    2174 |    1205 |  35.7 |     117 |      55 |  32.0
            +---------+---------+-------+---------+---------+-------
        D:1 |      38 |       6 |  13.6 |      21 |       3 |  12.5
        D:2 |      34 |     300 |  89.8 |      13 |      13 |  50.0
        D:3 |     105 |      36 |  25.5 |      16 |       1 |   5.9
        D:4 |     224 |      17 |   7.1 |      19 |       4 |  17.4
        D:5 |     544 |       0 |   0.0 |      23 |       0 |   0.0
        D:6 |    1229 |     434 |  26.1 |      25 |       6 |  19.4
      Sewer |       0 |     412 | 100.0 |       0 |      28 | 100.0
            +---------+---------+-------+---------+---------+-------
